AoeStats
← 文風

Arena

506098739Analyzed
1v1 RM · 19d ago on Sep 12, 2026· 23m 49s· 2 players
Game mode
Random Map
Map size
Tiny (2 player)
Population
200
Speed
Normal
Resources
Standard
Victory
Conquest
Starting age
Dark Age
Ending age
Imperial Age
RankedLock teamsTeams togetherTeam positionsShared explorationLock speedFull tech treeHidden civsTurbo modeCheats
Victory
Defeat
🇭🇰 Turks · Hong Kong SAR China
1383
+16
🇮🇹 Romans · Italy
1383
-16
文風
11:07 Feudal Age
15:59 Castle Age
14:09 Double-Bit Axe
14:18 Gold Mining
21:00 Imperial Age
19:59 Bow Saw
20:07 Padded Archer Armor
TarryMoney
11:19 Feudal Age
13:04 Double-Bit Axe
13:12 Gold Mining
15:23 Castle Age
15:06 Scale Mail Armor
19:51 Man-at-Arms
20:21 Loom
21:36 Chain Mail Armor
20:51 Long Swordsman
Connection lost

Rejoining the realm…

Still unreachable

The connection could not be restored.

Session expired

The server has moved on; the page needs a fresh start.